 Dungeon Crawl Stone Soup version 0.18.1-1-g2f07953 (webtiles) character file.

3803 EveningNews the Protected (level 9, 0/105 HPs)
             Began as a Minotaur Berserker on May 9, 2016.
             Was a High Priest of Trog.
             Slain by a four-headed hydra (8 damage)
             ... on level 8 of the Dungeon.
             The game lasted 00:17:39 (7167 turns).

EveningNews the Protected (Minotaur Berserker)      Turns: 7167, Time: 00:17:40

Health: 0/105      AC: 16    Str: 27    XL:     9   Next: 96%
Magic:  8/8        EV: 10    Int:  4    God:    Trog [*****.]
Gold:   461        SH:  0    Dex: 13    Spells: 0 memorised, 8 levels left

rFire  . . .     SeeInvis .     V - +0 broad axe
rCold  . . .     Gourm    .     D - +0 chain mail
rNeg   . . .     Faith    .     (no shield)
rPois  .         Spirit   .     (helmet restricted)
rElec  .         Dismiss  .     B - +0 cloak
rCorr  .         Reflect  .     J - +1 pair of gloves
SustAt .         Harm     +     (no boots)
MR     .....                    K - amulet of harm
Stlth  ..........               (no ring)
                                Y - ring of loudness (curse)

@: berserking, very quick, not resistant to hostile enchantments, extremely
unstealthy
A: retaliatory headbutt, horns 2
a: Berserk, Trog's Hand, Brothers in Arms, Burn Spellbooks, Renounce Religion


You were on level 8 of the Dungeon.
You worshipped Trog.
Trog was extremely pleased with you.
You were hungry.

You visited 1 branch of the dungeon, and saw 8 of its levels.

You collected 461 gold pieces.

Inventory:

Hand Weapons
 Q - a +0 shortbow
 V - a +0 broad axe (weapon)
Missiles
 f - 3 poisoned tomahawks (quivered)
 l - 122 arrows
 I - 42 bolts
Armour
 v - a +2 large shield
 z - a +0 shield
 B - a +0 cloak (worn)
 D - a +0 chain mail (worn)
 J - a +1 pair of gloves (worn)
Jewellery
 K - an amulet of harm (around neck)
 Y - a cursed ring of loudness (left hand)
Wands
 F - a wand of disintegration (16/24)
 H - a wand of enslavement (12/24)
 O - a wand of iceblast (6/15)
 R - a wand of flame (21/48)
 U - a wand of acid (10/15)
 Z - a wand of paralysis (10/24)
Scrolls
 e - 8 scrolls of remove curse
 j - 2 scrolls of teleportation {unknown}
 k - 2 scrolls of immolation {unknown}
 n - 4 scrolls of blinking {unknown}
 p - 5 scrolls of identify {unknown}
 q - 4 scrolls of random uselessness {unknown}
 u - 2 scrolls of fear {unknown}
 x - a scroll of noise {unknown}
 y - 5 scrolls of fog {unknown}
 C - a scroll of magic mapping {unknown}
 E - a scroll of amnesia {unknown}
 M - 2 scrolls of enchant armour {unknown}
 P - a scroll of enchant weapon {unknown}
Potions
 d - 4 potions of berserk rage {unknown}
 g - 2 potions of agility {unknown}
 i - 2 potions of lignification {unknown}
 m - 2 potions of degeneration {unknown}
 o - a potion of resistance {unknown}
 r - a potion of flight {unknown}
 s - 2 potions of mutation {unknown}
 w - a potion of brilliance {unknown}
 G - 2 potions of cancellation {unknown}
 N - a potion of heal wounds {unknown}
 S - 2 potions of cure mutation {unknown}
 T - 2 potions of curing {unknown}
 W - a potion of magic {unknown}
Comestibles
 a - 12 fruits
 b - 6 slices of pizza
 c - 4 bread rations
 h - 8 meat rations
 A - 2 chunks of flesh
 X - a royal jelly


   Skills:
 - Level 3.6 Fighting
 - Level 12.1 Axes
 + Level 12.3 Armour
 - Level 2.1 Dodging


You had 8 spell levels left.
You didn't know any spells.

Dungeon Overview and Level Annotations

Branches:
Dungeon (8/15)             Temple (0/1) D:5
   Lair: D:8-11

Altars:
Ashenzari
Cheibriados
Elyvilon
Fedhas
Gozag
Kikubaaqudgha
Makhleb
Okawaru
Trog
Vehumet
Xom
Yredelemnul

Shops:
D:4 }


Innate Abilities, Weirdness & Mutations

You reflexively headbutt those who attack you in melee.
You have a pair of horns on your head.


Message History

You feel yourself moving faster!
You feel mighty!
You are feeling hungry.
The adder barely misses you. You furiously retaliate!
You headbutt the adder!!
You kill the adder!
Trog accepts your kill.
The four-headed hydra bites you but does no damage.
The four-headed hydra barely misses you.
The four-headed hydra closely misses you.
The four-headed hydra bites you but does no damage.
Unknown command.
You are too berserk!
You barely miss the four-headed hydra. You headbutt the four-headed hydra!
The four-headed hydra is moderately wounded.
The four-headed hydra bites you.
* * * LOW HITPOINT WARNING * * *
The four-headed hydra bites you but does no damage.
The four-headed hydra bites you.
* * * LOW HITPOINT WARNING * * *
The four-headed hydra bites you!
You die...

.##...........#######...##.###...
.##...#.............#...##.# +...
.##...#.###########+#....... #...
..'...'..........................
###...##...............#.........
#...##...............#......#+#
#...##...............# .....
#...##...............# #...
#...##........@......# +...
######.......DK...a..# #...
#.........).......... #...
#.................... #...
#................##.. #...
#................# . #...
#................# #...
##....#...########### ####
#....#...##.....#..# ##..


You could see a four-headed hydra, a big kobold and a worker ant.

Vanquished Creatures
  Joseph (D:8)
  2 yaks (D:8)
  A hippogriff (D:8)
  A hungry ghost (D:8)
  3 orc warriors (D:7)
  A wasp (D:7)
  2 sky beasts (D:7)
  3 ice beasts
  2 ogres
  A centaur (D:6)
  3 big kobolds
  A giant frog (D:6)
  A scorpion (D:5)
  A vampire bat (D:6)
  A howler monkey (D:4)
  3 jellies
  2 crimson imps
  2 giant frog zombies (D:7)
  Crazy Yiuf (D:3)
  A hound (D:8)
  6 orc priests
  9 orc wizards
  2 giant frog skeletons
  A centaur skeleton (D:4)
  Terence (D:3)
  Natasha (thrice) (D:4 D:7)
  9 worker ants
  2 sheep (D:8)
  2 worker ant zombies
  13 adders
  2 adder zombies
  3 worms
  6 dart slugs
  4 giant geckos
  28 orcs
  A ball python (D:1)
  A bat skeleton (D:6)
  4 bat zombies (D:6)
  7 giant cockroaches
  11 goblins
  4 hobgoblins
  12 jackals
  18 bats
  3 giant newts
  7 kobolds
  3 rats
195 creatures vanquished.

Notes
Turn   | Place    | Note
--------------------------------------------------------------
     0 | D:1      | EveningNews the Minotaur Berserker began the quest for the Orb.
     0 | D:1      | Reached XP level 1. HP: 19/19 MP: 0/0
    59 | D:1      | Reached XP level 2. HP: 21/26 MP: 1/1
   599 | D:1      | Reached skill level 5 in Axes
   852 | D:1      | Reached XP level 3. HP: 31/31 MP: 2/2
   987 | D:2      | Found a radiant altar of Vehumet.
  1501 | D:2      | Reached ** piety under Trog
  1524 | D:2      | Reached XP level 4. HP: 33/39 MP: 3/3
  1551 | D:2      | Found an opulent altar of Gozag.
  1612 | D:2      | Found a shattered altar of Ashenzari.
  2014 | D:2      | Found a basalt altar of Yredelemnul.
  2215 | D:2      | Found a snail-covered altar of Cheibriados.
  2399 | D:3      | Reached XP level 5. HP: 43/45 MP: 4/4
  2414 | D:3      | Found a white marble altar of Elyvilon.
  2513 | D:3      | Reached *** piety under Trog
  2612 | D:3      | Found a burning altar of Makhleb.
  2636 | D:3      | Noticed Terence
  2642 | D:3      | Killed Terence
  2816 | D:3      | Noticed Crazy Yiuf
  2824 | D:3      | Killed Crazy Yiuf
  2995 | D:4      | Noticed Natasha
  3001 | D:4      | Killed Natasha
  3119 | D:4      | Reached XP level 6. HP: 39/51 MP: 5/5
  3406 | D:4      | Found Fejit's Gadget Emporium.
  3473 | D:4      | Reached XP level 7. HP: 50/57 MP: 6/6
  3648 | D:5      | Entered Level 5 of the Dungeon
  3691 | D:5      | Found a shimmering altar of Xom.
  3932 | D:5      | Reached skill level 10 in Axes
  3979 | D:5      | Reached **** piety under Trog
  4073 | D:5      | Found a blossoming altar of Fedhas.
  4137 | D:5      | Found an iron altar of Okawaru.
  4290 | D:5      | Found a staircase to the Ecumenical Temple.
  4782 | D:6      | Found an ancient bone altar of Kikubaaqudgha.
  4911 | D:6      | Reached XP level 8. HP: 61/64 MP: 7/7
  5488 | D:7      | Noticed Natasha
  5496 | D:7      | Killed Natasha
  5549 | D:7      | Reached skill level 5 in Armour
  5924 | D:7      | Noticed Natasha
  5930 | D:7      | Killed Natasha
  5930 | D:7      | Reached ***** piety under Trog
  5950 | D:7      | Found a bloodstained altar of Trog.
  5990 | D:7      | Reached XP level 9. HP: 28/70 MP: 8/8
  6766 | D:8      | Reached skill level 10 in Armour
  6812 | D:8      | Noticed Joseph
  6823 | D:8      | Killed Joseph
  7143 | D:8      | Noticed a three-headed hydra
  7167 | D:8      | Slain by a four-headed hydra

Skill      XL: |  1  2  3  4  5  6  7  8  9 |
---------------+----------------------------+-----
Axes           | 4 5 6 8 9 11 12 | 12.1
Armour         | 8 12 | 12.3
Fighting       | |  3.6
Dodging        | |  2.1

Action                   |  1- 3 |  4- 6 |  7- 9 || total
-------------------------+-------+-------+-------++-------
Melee: Hand axe          |    74 |   144 |    68 ||   286
       Headbutt          |    16 |    23 |    83 ||   122
       War axe           |       |       |   174 ||   174
       Broad axe         |       |       |    82 ||    82
Throw: Tomahawk          |     2 |       |     6 ||     8
Invok: Berserk           |       |     3 |     5 ||     8
  Use: Scroll            |       |       |     1 ||     1
 Stab: Sleeping          |     2 |       |       ||     2
  Eat: Chunk             |     2 |     9 |    17 ||    28
       Fruit             |       |       |     1 ||     1
       Pizza             |       |       |     1 ||     1
       Beef jerky        |       |       |     2 ||     2
Armor: Animal skin       |    13 |    10 |       ||    23
       Scale mail        |       |    34 |    59 ||    93
       Chain mail        |       |       |   127 ||   127
Dodge: Dodged            |    48 |    74 |   101 ||   223
Block: Shield            |       |    23 |    38 ||    61
       Large shield      |       |       |    24 ||    24
